 Dungeon Crawl Stone Soup version 0.26.1-2-gb8aa6d0cf2 (webtiles) character file.

Game seed: 17572963470409088788

124549 Gadfly the Bludgeoner (level 16, -1/104 HPs)
             Began as a Gargoyle Berserker on Feb 16, 2021.
             Was the Champion of Trog.
             Succumbed to barbed spike wounds
             ... on level 2 of the Lair of Beasts.
             The game lasted 01:11:09 (26489 turns).

Gadfly the Bludgeoner (Gargoyle Berserker)         Turns: 26489, Time: 01:11:10

Health: -1/104     AC: 34    Str: 31    XL:     16   Next: 93%
Magic:  0/16       EV:  9    Int: 13    God:    Trog [******]
Gold:   2221       SH: 33    Dex: 22    Spells: 15/15 levels left

rFire    + . .     SeeInvis .   a - +2 morningstar (flame)
rCold    . . .     Faith    .   q - +18 shield of the Gong {rElec rN+ Will+ EV-5}
rNeg     + + .     Spirit   +   F - +3 chain mail {rF+}
rPois    ∞         Reflect  .   o - +2 hat
rElec    +         Harm     .   r - +0 cloak
rCorr    +         Rampage  .   p - +2 pair of gloves
Will     ++...                  T - -2 pair of boots of Ucly {rCorr Dex+5}
Stlth    ..........             M - amulet of Giredima {Spirit Dex+4 Slay+2}
HPRegen  0.27/turn              B - ring of Wireel {EV+4 Str+3 Int+3 Dex+4}
MPRegen  0.15/turn              t - +4 ring of slaying

@: barbed spikes, flying
A: big wings, blink, deterioration 1, negative energy resistance 1, electricity
resistance, strong 1, unbreathing, petrification resistance, miasma immunity, AC
+12
a: Stop Flying, Blink, Renounce Religion, Berserk, Trog's Hand, Brothers in Arms


You were on level 2 of the Lair of Beasts.
You worshipped Trog.
Trog was exalted by your worship.
You visited 4 branches of the dungeon, and saw 24 of its levels.
You also visited: Gauntlet.

You collected 2407 gold pieces.
You spent 186 gold pieces at shops.

Inventory:

Hand Weapons
 a - a +2 morningstar of flaming (weapon)
 b - the +5 flail "Vyinep" {holy, Will++ Dex+2}
   (You found it on level 9 of the Dungeon)

   It has been blessed by the Shining One to cause great damage to the undead
   and demons.
   It affects your dexterity (+2).
   It affects your willpower, your defense against some magical effects.
 K - a +3 morningstar of protection
Armour
 o - a +2 hat (worn)
 p - a +2 pair of gloves (worn)
 q - the +18 shield of the Gong (worn) {rElec rN+ Will+ EV-5}
   (You found it on level 4 of the Dungeon)

   It affects your evasion (-5).
   It insulates you from electricity.
   It protects you from negative energy.
   It affects your willpower, your defense against some magical effects.
 r - a +0 cloak (worn)
 v - the +0 cloak "Kabuph" {rC- rN++}
   (You found it in a Gauntlet)

   It makes you vulnerable to cold.
   It greatly protects you from negative energy.
 w - a +0 plate armour of cold resistance
 F - a +3 chain mail of fire resistance (worn)
 T - the -2 pair of boots of Ucly (worn) {rCorr Dex+5}
   (You found it on level 3 of the Lair of Beasts)

   It affects your dexterity (+5).
   It provides partial protection from all sources of acid and corrosion.
Jewellery
 t - a +4 ring of slaying (right hand)
 B - the ring of Wireel (left hand) {EV+4 Str+3 Int+3 Dex+4}
   (You found it on level 9 of the Dungeon)

   [ring of evasion]

   It affects your evasion (+4).
   It affects your strength (+3).
   It affects your intelligence (+3).
   It affects your dexterity (+4).
 C - the ring "Sywn" {rElec rPois Will+ Int+2}
   (You bought it in a shop on level 2 of the Orcish Mines)

   [ring of poison resistance]

   It affects your intelligence (+2).
   It insulates you from electricity.
   It protects you from poison.
   It affects your willpower, your defense against some magical effects.
 H - an uncursed ring of fire
 M - the amulet of Giredima (around neck) {Spirit Dex+4 Slay+2}
   (You found it in a Gauntlet)

   [amulet of guardian spirit]

   It causes incoming damage to be split between your health and magic.
   It affects your dexterity (+4).
   It affects your accuracy and damage with ranged weapons and melee attacks
   (+2).
 O - an uncursed amulet of regeneration
Wands
 j - a wand of iceblast (11)
 x - a wand of paralysis (8)
 y - a wand of polymorph (17)
 D - a wand of acid (25)
 G - a wand of enslavement (6)
 J - a wand of digging (18)
 N - a wand of random effects (3) (quivered)
 Q - a wand of flame (3)
Scrolls
 c - 11 scrolls of remove curse
 g - 4 scrolls of enchant armour
 h - 5 scrolls of blinking
 i - 6 scrolls of identify
 l - 18 scrolls of teleportation
 z - 5 scrolls of fear
 A - 4 scrolls of enchant weapon
 R - a scroll of summoning
Potions
 e - 8 potions of curing
 m - 3 potions of cancellation
 s - 2 potions of resistance
 u - 3 potions of haste
 E - 3 potions of attraction
 L - 2 potions of might
 S - a potion of ambrosia
Miscellaneous
 k - a lightning rod (4/4)
 P - a phantom mirror


   Skills:
 + Level 13.6 Fighting
 - Level 16.0 Maces & Flails
 + Level 13.3 Armour
 - Level 1.5 Dodging
 + Level 13.5 Shields
 + Level 12.4 Evocations


You had 15 spell levels left.
You didn't know any spells.
Your spell library was empty.

Dungeon Overview and Level Annotations

Branches:
Dungeon (15/15)            Temple (0/1) D:5            Lair (6/6) D:10
 Shoals (1/4) Lair:2       Spider (0/4) Lair:3        Slime (0/5) Lair:5
    Orc (2/2) D:12            Elf (0/3) Orc:2        Vaults (0/5) D:14
 Depths (0/5) D:15        Gauntlet (visited)

Altars:
Hepliaklqana
Okawaru
Sif Muna
Uskayaw
Xom
Yredelemnul
The Shining One
Jiyva

Shops:
D:8 =   D:14 *   D:15 [   Orc:2 !*((


Innate Abilities, Weirdness & Mutations

You are resistant to torment.
Your stone body is resilient. (AC +12)
You are immune to poison.
Your large and strong wings let you fly indefinitely.
You resist negative energy. (rN+)
You are resistant to electric shocks. (rElec)
You can survive without breathing.
You are immune to petrification.
You are immune to miasma.
You can translocate small distances at will.
Your body sometimes deteriorates upon taking damage.
Your muscles are strong. (Str +2)


Message History

The merfolk barely misses you. You block the merfolk's attack.
PTOANNNG!
You thump the merfolk! You burn the merfolk.
The merfolk is moderately wounded.
You block the merfolk's attack.
PTOANNNG!
The merfolk closely misses you.
You spit the merfolk like a pig!!! You burn the merfolk!
You kill the merfolk!
Trog accepts your kill.
You hear a splash.
You feel your intelligence returning.
The barbed spikes dig painfully into your body as you move.
* * * LOW HITPOINT WARNING * * *
You block the merfolk's attack.
PANG!
Things that are here:
a +0 trident; a merfolk corpse The barbed spikes dig painfully into your body as you move.
You die...

## ### #..####..#.###..#.#..#
P###.####.#...#..............#
.............#######.....##.##
.#####P##.####≈≈≈≈≈###'.....#
.##.####..#≈≈≈#≈≈≈#≈≈≈#..####
###.......#≈≈≈#≈≈≈#≈≈≈#..#
##.P#P..#≈≈≈#####≈≈≈#..#
##.####.####'†≈≈#####..## #..##
#...#≈≈≈@)≈≈#....P## ### #...#
#.#####m)≈'####...P####.#
##..###.#≈≈≈#####≈≈≈#..........
##..#...#≈≈≈#≈≈≈#≈≈≈#..##.##...
###...#.#.#≈≈≈#≈≈≈#≈≈≈#..##..P.#.
P##...##..'###≈≈≈≈≈####..........
.............#######....P#######.
#...#...#...##.....##...## ##
#P########...............#


You could see a merfolk.

Vanquished Creatures
  2 slime creatures (D:12)
  A minotaur (Gauntlet)
  An ettin (D:15)
  A merfolk javelineer (Shoals:1)
  A green death (Gauntlet)
  5 boulder beetles
  A vault guard (D:14)
  Erolcha (D:12)
  Fannar (D:10)
  A rakshasa (D:15)
  An ice dragon (D:15)
  7 hydras
  A death knight (D:13)
  2 catoblepae (Lair:6)
  2 centaur warriors
  15 death yaks
  4 ogre magi (Orc:2)
  20 two-headed ogres
  3 tengu warriors
  A hell knight (D:15)
  Sonja (Lair:3)
  An unseen horror (D:15)
  A wizard (D:12)
  4 sea snakes (Lair:2)
  A wolf spider zombie (D:15)
  Pikel (D:4)
  3 orc knights (Orc:1)
  The ghost of Alvadar the Thaumaturge, a novice DECj of Sif Muna (D:10)
  6 ugly things
  3 oklob plants
  2 manticores
  4 orc sorcerers
  A faun (shapeshifter) (D:14)
  5 cyclopes
  A faun (Lair:2)
  A wolf spider (Lair:4)
  A centaur zombie (D:14)
  3 merfolk sirens
  7 black mambas
  19 elephants
  A cane toad (shapeshifter) (D:15)
  2 orange demons (Gauntlet)
  A centaur skeleton (D:15)
  3 gargoyles
  2 torpor snails
  10 cane toads
  4 rime drakes
  An efreet (Gauntlet)
  13 komodo dragons
  2 demonic crawlers (D:15)
  A freezing wraith (D:15)
  A tengu conjurer (D:15)
  3 meliai
  7 trolls
  11 polar bears
  8 hornets
  2 merfolk (Lair:2)
  12 blink frogs
  A snapping turtle (Lair:2)
  Prince Ribbit (Lair:1)
  2 centaur simulacra
  14 spriggans
  5 wraiths
  2 vampires
  9 wyverns
  4 basilisks
  47 yaks
  A fire elemental (Gauntlet)
  2 chaos spawn (D:13)
  6 vampire mosquitoes
  Edmund (D:4)
  2 wargs (Orc:1)
  4 swamp worms
  16 water moccasins
  3 hell hounds (Gauntlet)
  10 ice beasts
  9 sky beasts
  7 black bears
  23 orc warriors
  3 phantoms
  4 eyes of draining
  A necrophage (D:9)
  3 boggarts (Lair:6)
  30 wolves
  29 ogres
  7 centaurs
  4 big kobolds
  Blork the orc (D:4)
  16 bullfrogs
  2 wyvern zombies
  2 scorpions
  22 killer bees
  17 wights
  4 electric eels (Lair:4)
  8 howler monkeys
  A crimson imp (D:12)
  2 bullfrog zombies
  A quasit (D:6)
  2 bullfrog skeletons
  Crazy Yiuf (D:6)
  6 hounds
  6 jellies
  A gnoll shaman (D:6)
  15 orc priests
  Jessica (D:3)
  Terence (D:2)
  2 iguanas
  24 orc wizards
  12 worker ants
  2 killer bee zombies
  A hound zombie (D:6)
  A hound skeleton (D:8)
  A howler monkey zombie (D:6)
  2 worker ant zombies
  Robin (D:2)
  11 gnolls
  12 adders
  3 river rats (D:6)
  3 shadow imps
  6 white imps
  A worker ant simulacrum (D:10)
  3 ufetubi
  3 oozes
  An adder skeleton (D:5)
  An adder zombie (D:5)
  5 worms
  4 dart slugs
  11 leopard geckos
  107 orcs
  A ball python (D:7)
  17 giant cockroaches
  20 goblins
  12 hobgoblins
  11 jackals
  4 quokkas
  7 bats
  4 frilled lizards
  3 goblin skeletons (D:6)
  3 hobgoblin zombies (D:6)
  A jackal skeleton (D:4)
  19 kobolds
  2 kobold skeletons (D:6)
  2 orc zombies (D:6)
  4 rats
907 creatures vanquished.

Vanquished Creatures (collateral kills)
  A water nymph (Shoals:1)
  A merfolk (Shoals:1)
2 creatures vanquished.

Vanquished Creatures (others)
  A bush (Lair:6)
  A demonic plant (Gauntlet)
  58 fungi
  73 plants
133 creatures vanquished.

Grand Total: 1042 creatures vanquished

Notes
Turn   | Place    | Note
-------+----------+-------------------------------------------
     0 | D:1      | Gadfly the Gargoyle Berserker began the quest for the Orb.
     0 | D:1      | Reached XP level 1. HP: 14/14 MP: 1/1
   178 | D:1      | Reached XP level 2. HP: 19/19 MP: 2/2
   445 | D:1      | Reached skill level 1 in Shields
   514 | D:1      | Reached skill level 1 in Evocations
   966 | D:1      | Reached XP level 3. HP: 23/23 MP: 3/3
  1354 | D:1      | Reached ** piety under Trog
  1675 | D:2      | Reached XP level 4. HP: 27/28 MP: 4/4
  2034 | D:2      | Noticed Terence
  2054 | D:2      | Killed Terence
  2248 | D:2      | Reached XP level 5. HP: 33/33 MP: 1/5
  2307 | D:2      | Noticed Robin
  2348 | D:2      | Killed Robin
  2834 | D:3      | Reached *** piety under Trog
  2853 | D:3      | Noticed a +0 dagger
  2855 | D:3      | Noticed a +0 dagger
  2856 | D:3      | Found a hide-covered altar of Uskayaw.
  3076 | D:3      | Noticed Jessica
  3080 | D:3      | Killed Jessica
  3081 | D:3      | Reached skill level 4 in Maces & Flails
  3271 | D:3      | Reached XP level 6. HP: 35/38 MP: 6/6
  4135 | D:4      | Found the +18 shield of the Gong {rElec rN+ Will+ EV-5}
  4241 | D:4      | Noticed Pikel
  4272 | D:4      | Killed Pikel
  4273 | D:4      | Reached skill level 5 in Maces & Flails
  4273 | D:4      | Reached XP level 7. HP: 44/44 MP: 7/7
  4285 | D:4      | Noticed Blork the orc
  4303 | D:4      | Killed Blork the orc
  4367 | D:4      | Reached XP level 8. HP: 48/48 MP: 8/8
  4403 | D:5      | Entered Level 5 of the Dungeon
  4403 | D:5      | Noticed Edmund
  4440 | D:4      | Killed Edmund
  4606 | D:5      | Found a staircase to the Ecumenical Temple.
  4712 | D:5      | Reached **** piety under Trog
  4866 | D:5      | Reached skill level 5 in Fighting
  5403 | D:6      | Reached skill level 6 in Maces & Flails
  5661 | D:6      | Reached skill level 5 in Evocations
  5795 | D:6      | Reached XP level 9. HP: 33/54 MP: 6/9
  5893 | D:6      | Reached skill level 5 in Shields
  6071 | D:6      | Found a glowing golden altar of the Shining One.
  6321 | D:6      | Found a runed translucent door.
  6322 | D:6      | Noticed Crazy Yiuf
  6465 | D:6      | Found a shimmering blue altar of Sif Muna.
  6589 | D:6      | Killed Crazy Yiuf
  6590 | D:6      | Reached skill level 5 in Armour
  6686 | D:7      | Reached ***** piety under Trog
  6847 | D:6      | Reached skill level 7 in Maces & Flails
  6858 | D:7      | Noticed a troll
  6872 | D:7      | Killed a troll
  7045 | D:7      | You fall into a shaft and drop 2 floors!
  7081 | D:9      | Noticed a two-headed ogre
  7109 | D:9      | Killed a two-headed ogre
  7110 | D:9      | Reached XP level 10. HP: 61/61 MP: 3/10
  7143 | D:9      | Reached skill level 8 in Maces & Flails
  7363 | D:10     | Entered Level 10 of the Dungeon
  8455 | D:8      | Found Quluteni's Jewellery Shoppe.
  8561 | D:9      | Got a smouldering flail
  8562 | D:9      | Identified the +5 flail "Vyinep" {holy, Will++ Dex+2} (You
                  | found it on level 9 of the Dungeon)
  8582 | D:9      | Noticed a two-headed ogre
  8594 | D:9      | Killed a two-headed ogre
  8595 | D:9      | Reached skill level 9 in Maces & Flails
  8668 | D:9      | Found an iron altar of Okawaru.
  8725 | D:9      | Got a fine lead ring
  8726 | D:9      | Identified the ring of Wireel {EV+4 Str+3 Int+3 Dex+4} (You
                  | found it on level 9 of the Dungeon)
  9085 | D:9      | Reached XP level 11. HP: 53/67 MP: 11/11
  9401 | D:10     | Received a gift from Trog
  9502 | D:10     | Reached ****** piety under Trog
  9548 | D:10     | Found a staircase to the Lair.
  9548 | D:10     | Noticed an oklob plant
  9551 | D:10     | Noticed a cyclops
  9575 | D:10     | Killed a cyclops
  9614 | D:10     | Killed an oklob plant
  9615 | D:10     | Reached skill level 10 in Maces & Flails
  9619 | Lair:1   | Entered Level 1 of the Lair of Beasts
  9885 | D:10     | Noticed Fannar
 10085 | D:10     | Killed Fannar
 10381 | D:10     | Found a runed translucent gate.
 10381 | D:10     | Found a runed translucent gate.
 10381 | D:10     | Found a runed translucent gate.
 10454 | D:10     | Noticed Alvadar's ghost (novice DECj)
 10558 | D:10     | Killed Alvadar's ghost
 10577 | D:10     | Received a gift from Trog
 10671 | D:11     | Noticed a cyclops
 10678 | D:11     | Noticed a boulder beetle
 10689 | D:11     | Noticed a green ugly thing
 10691 | D:11     | Killed a cyclops
 10724 | D:11     | Killed a green ugly thing
 10725 | D:11     | Killed a boulder beetle
 10726 | D:11     | Reached XP level 12. HP: 71/75 MP: 12/12
 11428 | D:11     | Found a basalt altar of Yredelemnul.
 11555 | D:12     | Reached skill level 11 in Maces & Flails
 11566 | D:12     | Found a staircase to the Orcish Mines.
 11648 | D:12     | Noticed Erolcha
 11676 | D:12     | Killed Erolcha
 11685 | D:12     | Received a gift from Trog
 11750 | D:12     | Noticed a two-headed ogre
 11762 | D:11     | Killed a two-headed ogre
 11951 | D:12     | Got a brightly glowing battleaxe {god gift}
 12592 | Lair:1   | Noticed Prince Ribbit
 12598 | Lair:1   | Killed Prince Ribbit
 13395 | Lair:2   | Noticed a four-headed hydra
 13416 | Lair:2   | Killed a one-headed hydra
 13417 | Lair:2   | Reached skill level 12 in Maces & Flails
 13436 | Lair:2   | Reached XP level 13. HP: 72/82 MP: 13/13
 13464 | Lair:2   | Reached skill level 10 in Fighting
 13829 | Lair:2   | Found a gate leading to a gauntlet.
 13838 | Gauntlet | Entered a Gauntlet
 13838 | Gauntlet | Found a transporter.
 13841 | Gauntlet | Found a transporter.
 13841 | Gauntlet | Noticed a great orb of eyes
 13843 | Gauntlet | Found a transporter.
 13843 | Gauntlet | Found a transporter.
 13846 | Gauntlet | Found a transporter.
 13847 | Gauntlet | Found a transporter.
 13849 | Gauntlet | Noticed a death ooze
 13856 | Gauntlet | Found a transporter.
 13863 | Gauntlet | Found a transporter.
 13922 | Gauntlet | Found a transporter.
 13939 | Gauntlet | Found a transporter.
 13942 | Gauntlet | Found a transporter.
 13962 | Gauntlet | Found a transporter.
 13962 | Gauntlet | Noticed a green death
 14139 | Gauntlet | Got a bound diamond amulet
 14151 | Gauntlet | Identified the amulet of Giredima {Spirit Dex+4 Slay+2}
                  | (You found it in a Gauntlet)
 14164 | Gauntlet | Killed a green death
 14165 | Gauntlet | Reached skill level 10 in Shields
 14188 | Gauntlet | Got a dazzling cloak
 14199 | Gauntlet | Identified the cursed +0 cloak "Kabuph" {rC- rN++} (You
                  | found it in a Gauntlet)
 14224 | Gauntlet | Noticed a minotaur
 14241 | Gauntlet | Killed a minotaur
 14493 | Lair:2   | Reached skill level 10 in Armour
 14902 | Lair:2   | Found a staircase to the Shoals.
 15246 | Lair:2   | Gained mutation: You tend to lose your temper in combat.
                  | [potion of mutation]
 15246 | Lair:2   | Gained mutation: You are somewhat resistant to further
                  | mutation. [potion of mutation]
 15247 | Lair:2   | Lost mutation: You tend to lose your temper in combat.
                  | [potion of mutation]
 15247 | Lair:2   | Lost mutation: You are somewhat resistant to further
                  | mutation. [potion of mutation]
 15247 | Lair:2   | Gained mutation: Your large and strong wings let you fly
                  | indefinitely. [potion of mutation]
 15247 | Lair:2   | Gained mutation: Your body sometimes deteriorates upon
                  | taking damage. [potion of mutation]
 15247 | Lair:2   | Gained mutation: You possess an exceptional clarity of
                  | mind. [potion of mutation]
 15248 | Lair:2   | Lost mutation: Your large and strong wings let you fly
                  | indefinitely. [potion of mutation]
 15248 | Lair:2   | Lost mutation: You possess an exceptional clarity of mind.
                  | [potion of mutation]
 15248 | Lair:2   | Gained mutation: You can translocate small distances at
                  | will. [potion of mutation]
 15248 | Lair:2   | Gained mutation: Your muscles are strong. (Str +2) [potion
                  | of mutation]
 15287 | Lair:3   | Found a hole to the Spider Nest.
 15513 | Lair:3   | Noticed Sonja
 15564 | Lair:3   | Killed Sonja
 15738 | Lair:3   | Got a pair of ichor-stained boots
 15749 | Lair:3   | Identified the -2 pair of boots of Ucly {rCorr Dex+5} (You
                  | found it on level 3 of the Lair of Beasts)
 16311 | Lair:4   | Reached skill level 10 in Evocations
 16337 | Lair:4   | Reached skill level 13 in Maces & Flails
 16837 | Lair:4   | Gained mutation: Your large and strong wings let you fly
                  | indefinitely. [Gargoyle growth]
 16837 | Lair:4   | Reached XP level 14. HP: 86/88 MP: 14/14
 17527 | Lair:5   | Found a viscous altar of Jiyva.
 17527 | Lair:5   | Found a staircase to the Slime Pits.
 18198 | Lair:5   | Found a hazy altar of Hepliaklqana.
 18603 | Lair:6   | Entered Level 6 of the Lair of Beasts
 18641 | Lair:6   | Reached skill level 14 in Maces & Flails
 18868 | Lair:6   | Received a gift from Trog
 19231 | Lair:6   | Reached XP level 15. HP: 89/96 MP: 15/15
 19515 | Lair:5   | Reached skill level 15 in Maces & Flails
 19517 | Lair:5   | Received a gift from Trog
 20636 | Orc:1    | Entered Level 1 of the Orcish Mines
 20829 | Orc:1    | Received a gift from Trog
 21215 | Orc:2    | Entered Level 2 of the Orcish Mines
 22037 | Orc:2    | Found Sifuemur's Assorted Antiques.
 22037 | Orc:2    | Found Booqat's Antique Weapon Boutique.
 22038 | Orc:2    | Found Tayx's Distillery.
 22038 | Orc:2    | Found Adol's Antique Weapon Shoppe.
 22044 | Orc:2    | Reached XP level 16. HP: 103/103 MP: 16/16
 22046 | Orc:2    | Bought a scroll labelled WUETYL HILIF for 31 gold pieces
 22046 | Orc:2    | Bought a twitching jade ring for 155 gold pieces
 22048 | Orc:2    | Identified the ring "Sywn" {rElec rPois Will+ Int+2} (You
                  | bought it in a shop on level 2 of the Orcish Mines)
 22059 | Orc:2    | Received a gift from Trog
 22154 | Orc:2    | Found a staircase to the Elven Halls.
 23287 | D:13     | Found a shimmering altar of Xom.
 23295 | D:13     | Found the +7 mace of Variability {chain chaos}
 23689 | D:14     | Found a gate to the Vaults.
 23818 | D:14     | Reached skill level 16 in Maces & Flails
 24053 | D:14     | Found Udaorr's Assorted Antiques.
 24257 | D:15     | Entered Level 15 of the Dungeon
 24490 | D:15     | Received a gift from Trog
 25446 | D:15     | Found Lent's Armour Shop.
 25793 | D:15     | Found a staircase to the Depths.
 26106 | Shoals:1 | Entered Level 1 of the Shoals
 26280 | Lair:2   | Received a gift from Trog
 26488 | Lair:2   | HP: 4/104 [barbs]
 26489 | Lair:2   | Succumbed to barbed spike wounds

Illustrated notes

Levels and vault maps discovered:
D:1:      dpeg_arrival_oval, layout_loops_corners
D:2:      minmay_skewed_foursquare, layout_basic, uniq_terence, uniq_robin
D:3:      layout_loops_ring, dancing_weapons_uskayaw, uniq_jessica
D:4:      layout_gridville, uniq_blork_the_orc, uniq_pikel
D:5:      layout_gridville, minmay_temple_entry_steel_oval, item_on_display_a,
          uniq_edmund
D:6:      layout_basic, nicolae_tso_besieged_by_evil, general_overflow_altar,
          gup_sewer_entry_spiral, serial_bayou_pond_d, uniq_crazy_yiuf_cottage
D:7:      layout_rooms
D:8:      layout_loops_ring, serial_shops, shop_fountains
D:9:      layout_loops_cross, kennysheep_little_box,
          hangedman_decor_clover_reticule
D:10:     layout_roguey, dpeg_oklobed_lair, gammafunk_ghost_icy, uniq_fannar
D:11:     layout_loops_ring, lemuel_tele_altar
D:12:     layout_rooms, hiddenorc2_lemuel, grunt_decor_one_mirror,
          lightli_wizard_tower, uniq_erolcha
D:13:     kennysheep_room_grid, layout_rooms, minmay_guarded_unrand_variability
D:14:     layout_gridville, david_vaults_5, roderic_nine_men_s_morris,
          serial_shops, kennysheep_mini
D:15:     hangedman_depths_entry_civil_slaughter, layout_cave_pools,
          portal_ice_cave_entry_animals_and_master,
          chequers_serial_rivers_micro_c, serial_shops, shop, worms_lemuel
Lair:1:   layout_chaotic_city, gammafunk_lair_bear_cave, grunt_megastairs_3,
          uniq_prince_ribbit2
Lair:2:   layout_loops_ring, elwin_shoals_entry_rooms, gauntlet_entry_generic,
          minivault_19, minivault_26
Lair:3:   layout_regular_city, spider_nest_entry_web_field, lemuel_fruit_tree,
          uniq_sonja
Lair:4:   nzn_winding_woodlands_stair_trap [nzn_winding_woodlands_5x15_sawtooth,
          nzn_winding_woodlands_5x15_zeroes, nzn_winding_woodlands_5x15_jagged,
          nzn_winding_woodlands_15x15_boxy_spiral,
          nzn_winding_woodlands_5x15_sidewinder,
          nzn_winding_woodlands_5x15_pathside_ponds,
          nzn_winding_woodlands_5x15_eye], layout_regular_city,
          fungi_pond_lemuel, columned_hall_lemuel, cheibrodos_lair_reptile_den,
          infiniplex_staircase_pool
Lair:5:   layout_regular_city, slime_altar_1, lemuel_oklob_altar
Lair:6:   minmay_lair_end_enchanted_forest, layout_loops_ring
Shoals:1: layout_shoals, centaur_isle
Orc:1:    layout_diamond_mine
Orc:2:    st_orc_ogre_mass, layout_diamond_mine, mines3_lemuel

Skill      XL: |  1  2  3  4  5  6  7  8  9 10 11 12 13 14 15 16 |
---------------+-------------------------------------------------+-----
Shields        | 1 2 3 4 6 7 8 9 10 11 12 13 | 13.5
Evocations     | 1 2 3 4 5 6 7 8 9 10 11 12 | 12.4
Maces & Flails | 4 5 6 7 9 10 12 13 14 15 16 | 16.0
Armour         | 3 4 5 7 8 9 10 11 12 13 | 13.3
Fighting       | 4 5 6 7 8 9 10 11 12 13 | 13.6
Dodging        | |  1.5

Action                   |  1- 3 |  4- 6 |  7- 9 | 10-12 | 13-15 | 16-18 || total
-------------------------+-------+-------+-------+-------+-------+-------++-------
Melee: Mace              |   119 |    57 |       |       |       |       ||   176
       Flail             |       |   108 |   212 |   856 |   155 |    76 ||  1407
       Dagger            |       |   156 |   266 |       |       |       ||   422
       Morningstar       |       |       |       |   223 |  1040 |   486 ||  1749
       Hand axe          |       |       |       |    12 |     5 |       ||    17
Invok: Berserk           |       |     1 |     2 |     1 |     2 |       ||     6
       Brothers in Arms  |       |       |       |     2 |       |     1 ||     3
 Abil: Fly               |       |       |       |       |     1 |       ||     1
       Blink             |       |       |       |       |     1 |       ||     1
Evoke: Wand              |       |       |       |     1 |    18 |    13 ||    32
  Use: Scroll            |     5 |     5 |     7 |    10 |     6 |     4 ||    37
       Potion            |       |       |       |     1 |     4 |     1 ||     6
 Stab: Sleeping          |     1 |       |       |       |       |       ||     1
       Paralysed         |       |       |       |     8 |     3 |       ||    11
       Petrified         |       |       |       |       |     8 |       ||     8
Armor: Animal skin       |    66 |     1 |       |       |       |       ||    67
       Ring mail         |       |     6 |       |       |       |       ||     6
       Scale mail        |       |     6 |       |       |       |       ||     6
       Chain mail        |       |   189 |   171 |   183 |   336 |   227 ||  1106
       Plate armour      |       |       |       |    54 |       |       ||    54
Dodge: Dodged            |    98 |   151 |     5 |    51 |   150 |    83 ||   538
Block: Kite shield       |       |    32 |   603 |  1201 |  1594 |   788 ||  4218
